 Dungeon Crawl Stone Soup version 0.30-a0-1008-g30c9307041 (webtiles) character file.

Game seed: 15209282329752687163

7926 xian the Arsonist (level 11, -2/82 HPs)
             Began as a Yellow Draconian Fire Elementalist on Apr 6, 2023.
             Was a Priest of Jiyva.
             Killed from afar by a lindwurm (20 damage)
             ... with a blast of flame
             ... on level 9 of the Dungeon.
             The game lasted 00:38:47 (9069 turns).

xian the Arsonist (DrFE)                            Turns: 9069, Time: 00:38:48

Health: -2/82      AC:  7    Str: 19    XL:     11   Next: 3%
Magic:  16/22      EV: 13    Int: 20    God:    Jiyva [***...]
Gold:   593        SH: 12    Dex: 21    Spells: 7/25 levels left

rFire   + . .      SeeInvis +    H - +6 rapier of the Beast {flame, rC- rCorr Str+6 Stlth+}
rCold   x x .      Faith    .    u - +1 kite shield
rNeg    . . .      Spirit   .    (body armour unavailable)
rPois   .          Reflect  .    (helmet restricted)
rElec   .          Rampage  .    o - +0 cloak
rCorr   +                        s - -2 pair of gloves "Owuruc" {Will- Str+3 Dex+3 SInv}
Will    .....                    (no boots)
Stlth   ++++                     w - amulet of magic regeneration
HPRegen 1.45/turn                p - +6 ring of dexterity
MPRegen 0.93/turn                z - ring of fire

@: short of breath, flying, very slightly contaminated
A: spit acid, AC +7, unfitting armour, cold-blooded, acid resistance
a: Breathe Acid, Renounce Religion, Oozemancy


You were on level 9 of the Dungeon.
You worshipped Jiyva.
Jiyva was most pleased with you.
You visited 1 branch of the dungeon, and saw 9 of its levels.
You also visited: Sewer and Bailey.

You collected 593 gold pieces.

Inventory:

Hand Weapons
 f - a +1 sling of flaming
 y - a +5 flail of protection
 H - the +6 rapier of the Beast (weapon) {flame, rC- rCorr Str+6 Stlth+}
   (You took it off an orc warrior in a bailey)

   Str:       It affects your strength (+6).
   rC:        It makes you vulnerable to cold.
   rCorr:     It protects you from acid and corrosion.
   Stlth:     It makes you more stealthy.
Missiles
 n - 5 throwing nets
Armour
 o - a +0 cloak (worn)
 s - the -2 pair of gloves "Owuruc" (worn) {Will- Str+3 Dex+3 SInv}
   (You found it on level 4 of the Dungeon)

   Str:       It affects your strength (+3).
   Dex:       It affects your dexterity (+3).
   SInv:      It lets you see invisible.
   Will:      It decreases your willpower.
 u - a +1 kite shield (worn)
 E - a +0 scale mail
Magical Staves
 e - a staff of earth
Jewellery
 p - a +6 ring of dexterity (left hand)
 w - an amulet of magic regeneration (around neck)
 z - a ring of fire (right hand)
Wands
 A - a wand of iceblast (17)
Scrolls
 b - a scroll of enchant weapon
 d - 2 scrolls of poison
 j - a scroll of blinking
 l - 3 scrolls of vulnerability
 q - 2 scrolls of fog
 r - a scroll of immolation
 C - a scroll of noise {unknown}
 F - a scroll of magic mapping
Potions
 a - a potion of magic
 c - a potion of heal wounds {unknown}
 g - a potion of flight
 h - 5 potions of attraction
 i - a potion of mutation {unknown}
 k - 2 potions of curing
 m - 3 potions of haste
 t - a potion of resistance {unknown}
 v - 2 potions of cancellation {unknown}
 B - a potion of brilliance {unknown}
 G - 2 potions of lignification {unknown}


   Skills:
 + Level 3.1 Fighting
 + Level 1.6 Short Blades
 + Level 2.4(2.5) Maces & Flails
 + Level 1.1 Polearms
 + Level 0.1(1.6) Staves
 + Level 4.3 Dodging
 + Level 3.4 Stealth
 * Level 6.1 Shields
 + Level 0.7 Unarmed Combat
 + Level 7.7 Spellcasting
 + Level 4.6 Conjurations
 + Level 8.1 Fire Magic
 * Level 7.4 Earth Magic


You had 7 spell levels left.
You knew the following spells:

 Your Spells              Type           Power      Damage    Failure   Level
a - Foxfire               Conj/Fire      100%       2x1d9     1%          1
b - Scorch                Fire           100%       2d9       1%          2
c - Stone Arrow           Conj/Erth      62%        3d10      6%          3
d - Flame Wave            Conj/Fire      49%        2d12      17%         4
e - Lehudib's Crystal Sp  Conj/Erth      15%        10d5      100%        8

Your spell library contained the following spells:

 Spells                   Type           Power      Damage    Failure   Level
 Sandblast                Erth           74%        2d16      1%          1
 Passwall                 Tmut/Erth      18%        N/A       8%          2
 Kiss of Death            Conj/Necr      64%        2d10      10%         1
 Inner Flame              Hex/Fire       36%        N/A       13%         3
 Volatile Blastmotes      Fire/Tloc      72%        2d16      13%         3
 Momentum Strike          Conj/Tloc      32%        3d8       14%         2
 Static Discharge         Conj/Air       32%        2-4/arc   14%         2
 Apportation              Tloc           14%        N/A       24%         1
 Ignite Poison            Fire/Tmut/Pois 27%        N/A       24%         3
 Blink                    Tloc           14%        N/A       34%         2
 Cigotuvi's Dreadful Rot  Necr/Pois/Air  14%        N/A       34%         2
 Lesser Beckoning         Tloc           14%        N/A       34%         2
 Gell's Gravitas          Tloc           7%         N/A       56%         3
 Teleport Other           Tloc           7%         N/A       56%         3
 Fulminant Prism          Conj/Hex       8%         3d6       67%         4
 Airstrike                Air            3%         2d(1-17)  93%         4
 Animate Dead             Necr           7%         N/A       93%         4
 Summon Lightning Spire   Summ/Air       7%         N/A       93%         4
 Irradiate                Conj/Tmut      8%         3d14      95%         5
 Freezing Cloud           Conj/Ice/Air   6%         6-21      98%         5
 Agony                    Necr           7%         N/A       100%        5
 Alistair's Intoxication  Tmut/Pois      4%         N/A       100%        5
 Dispersal                Tloc           3%         N/A       100%        6
 Animate Armour           Summ/Erth      Unusable   N/A       N/A         4

Dungeon Overview and Level Annotations

Branches:
Dungeon (9/15)             Temple (0/1) D:6            Lair (0/5) D:8
  Sewer (visited)          Bailey (visited)
    Orc: D:9-12

Altars:
Cheibriados
Hepliaklqana
Qazlal
Wu Jian
Yredelemnul
Zin
The Shining One


Innate Abilities, Weirdness & Mutations

You can spit globs of acid.
Your golden yellow scales are hard. (AC +7)
You cannot fit into any form of body armour.
You are cold-blooded and may be slowed by cold attacks.
You are resistant to acid. (rCorr)


Message History

Press: ? - help, Shift-Dir - straight line, f - lindwurm
Aim: a lindwurm (severely wounded, 88% to hit)
You miscast Stone Arrow.
You are very lightly contaminated with residual magic.
Nothing appears to happen.
You block the lindwurm's attack.
The lindwurm claws you but does no damage.
The lindwurm claws you.
Casting: Stone Arrow (dangerous; 6% risk of failure)
Confirm with . or Enter, or press ? or * to list all spells.
Aiming: Stone Arrow (dangerous; 6% risk of failure)
Press: ? - help, Shift-Dir - straight line, f/p - lindwurm
Aim: a lindwurm (severely wounded, 88% to hit)
The stone arrow hits the lindwurm.
The lindwurm is severely wounded.
The lindwurm breathes flames at you. The blast of flame hits you! You resist.
* * * LOW HITPOINT WARNING * * *
Casting: Stone Arrow (dangerous; 6% risk of failure)
Confirm with . or Enter, or press ? or * to list all spells.
You don't know that spell.
Casting: Stone Arrow (dangerous; 6% risk of failure)
Confirm with . or Enter, or press ? or * to list all spells.
Okay, then.
Press: ? - help, Shift-Dir - straight line, f/p - lindwurm
Aim: a lindwurm (severely wounded, catching its breath, 83% to hit)
You spit a glob of acid.
The glob of acid hits the lindwurm!
The acid corrodes the lindwurm!
The acid splashes onto the lindwurm!
The lindwurm is splashed with acid.
The acid corrodes the lindwurm!
You kill the lindwurm!
Unknown command.
Casting: Stone Arrow (dangerous; 6% risk of failure)
Confirm with . or Enter, or press ? or * to list all spells.
Aiming: Stone Arrow (dangerous; 6% risk of failure)
Press: ? - help, Shift-Dir - straight line, f - lindwurm
Aim: a lindwurm (moderately wounded, covered in acid, 88% to hit)
The stone arrow hits the lindwurm!
The lindwurm is heavily wounded.
The lindwurm breathes flames at you. The blast of flame hits you!! You resist.
You die...

#......J§...≈≈.§........##
#.......J§§≈§≈§≈≈.....#..#
###.§§vJ§≈≈§≈§≈≈§≈≈≈§....#.#
..#....J≈§§≈§§§§§≈§≈§≈§..#.#
..#....≈≈≈§§§§≈≈≈≈§§§§§....#
..##...§≈≈≈≈≈..§.§≈≈≈§≈....#*
..##..≈≈§≈≈.k.##.k§§§≈≈≈§...#
..##..§§≈§§..####k§§§≈≈≈..#.#
..#...≈≈≈≈..#.?[@#..≈≈≈≈....#
..#..≈≈§≈≈.##[)>|##k≈≈≈≈≈...#
#.#..≈≈≈§≈.##[})$##k≈≈≈§§...#
#.....≈≈≈≈..#.!$.#.k≈§≈≈....#
#.##..≈§≈≈≈..####..≈≈≈≈≈..#.#
#.##..≈≈§§≈...##...≈≈≈≈≈..#.#
#.##...≈≈≈≈≈≈....≈≈§≈§≈...#.#
#..#...≈≈≈≈≈≈≈≈≈≈≈≈≈≈§§...#.#
##......≈≈≈≈≈≈≈≈≈≈≈≈§§......#


You could see 2 lindwurms.

Vanquished Creatures
  An orc high priest (Bailey)
  A lindwurm (D:9)
  2 orc knights (Bailey)
  Pikel (D:5)
  An orc sorcerer (Bailey)
  A rime drake (D:8)
  A troll (D:9)
  2 wyverns (D:7)
  Eustachio (D:4)
  A steam dragon (D:9)
  Menkaure (D:5)
  Edmund (D:5)
  8 orc warriors (Bailey)
  A black bear (D:5)
  4 ice beasts
  2 wolves (D:8)
  4 ogres
  A centaur (D:6)
  2 lemures (D:5)
  4 phantoms
  A kobold brigand (D:9)
  A gnoll sergeant (D:9)
  2 scorpions
  7 wights
  10 killer bees
  2 electric eels (Bailey)
  An orc priest (D:4)
  Crazy Yiuf (D:5)
  2 hounds
  3 jellies
  3 gnoll boudas
  6 iguanas
  5 orc wizards
  29 gnolls
  4 adders
  A river rat (Sewer)
  A white imp (D:6)
  2 ufetubi
  4 worms
  2 dart slugs (D:2)
  27 orcs
  10 ball pythons
  14 endoplasms
  7 giant cockroaches
  13 goblins
  8 hobgoblins
  7 jackals (D:5)
  12 kobolds
  6 quokkas
  2 bats
  4 frilled lizards
  11 rats
248 creatures vanquished.

Vanquished Creatures (others)
  A centaur (D:9)
  A wight (D:8)
  2 electric eels (Bailey)
  An orc priest (D:9)
  19 jellies
  An iguana (D:6)
  3 orc wizards
  An adder (D:5)
  A white imp (D:6)
  6 orcs
  A goblin (Bailey)
  A hobgoblin (Bailey)
  2 kobolds (D:9)
  468 foxfires
  3 fungi (D:8)
  5 toadstools (D:8)
516 creatures vanquished.

Grand Total: 764 creatures vanquished

Notes
Turn   | Place    | Note
-------+----------+-------------------------------------------
     0 | D:1      | xian the Draconian Fire Elementalist began the quest for
                  | the Orb.
     0 | D:1      | Reached XP level 1. HP: 14/14 MP: 3/3
   250 | D:1      | Reached XP level 2. HP: 3/20 MP: 0/5
   557 | D:1      | Learned a level 2 spell: Scorch
   840 | D:1      | Reached XP level 3. HP: 26/26 MP: 3/6
  1171 | D:2      | Learned a level 3 spell: Stone Arrow
  1490 | D:2      | Reached XP level 4. HP: 33/33 MP: 3/7
  1578 | D:2      | Reached skill level 4 in Fire Magic
  2296 | D:3      | Noticed an ogre
  2304 | D:3      | Reached skill level 1 in Earth Magic
  2314 | D:3      | Killed an ogre
  2315 | D:3      | Reached XP level 5. HP: 11/38 MP: 4/9
  2551 | D:3      | Found a hazy altar of Hepliaklqana.
  2778 | D:3      | Found a stormy altar of Qazlal.
  3072 | D:4      | Noticed a phantom
  3073 | D:4      | Noticed Eustachio
  3078 | D:4      | Killed a phantom
  3079 | D:4      | Reached XP level 6. HP: 46/46 MP: 3/10
  3094 | D:3      | Reached skill level 1 in Polearms
  3550 | D:4      | Killed Eustachio
  3551 | D:4      | Reached skill level 1 in Fighting
  3676 | D:4      | Your scales start taking on a golden yellow colour.
  3676 | D:4      | Reached XP level 7. HP: 52/52 MP: 2/12
  3676 | D:4      | Gained mutation: You are resistant to acid. (rCorr) [Yellow
                  | Draconian growth]
  3864 | D:4      | Reached skill level 5 in Fire Magic
  3871 | D:4      | Reached skill level 1 in Short Blades
  4037 | D:4      | Identified the -2 pair of gloves "Owuruc" {Will- Str+3
                  | Dex+3 SInv}
  4137 | D:4      | Found an ornate altar of the Wu Jian Council.
  4334 | D:5      | Entered Level 5 of the Dungeon
  4347 | D:5      | Learned a level 4 spell: Flame Wave
  4562 | D:5      | Reached skill level 1 in Shields
  4562 | D:5      | Reached XP level 8. HP: 55/59 MP: 6/14
  4641 | D:5      | Found a runed translucent door.
  4642 | D:5      | Noticed Crazy Yiuf
  4653 | D:5      | Killed Crazy Yiuf
  4779 | D:5      | Noticed Edmund
  4794 | D:5      | Killed Edmund
  4847 | D:5      | Found a snail-covered altar of Cheibriados.
  4886 | D:5      | Found a glowing drain.
  4900 | Sewer    | Entered a sewer
  5006 | Sewer    | Found a viscous altar of Jiyva.
  5045 | Sewer    | Became a worshipper of Jiyva Jigaqif the Shapeless
  5249 | D:5      | Noticed Menkaure
  5257 | D:5      | Killed Menkaure
  5258 | D:5      | Reached skill level 5 in Spellcasting
  5365 | D:5      | Noticed Pikel
  5608 | D:5      | Found a glowing golden altar of the Shining One.
  5610 | D:5      | Noticed an angel
  5615 | D:5      | Found a basalt altar of Yredelemnul.
  5629 | D:5      | Noticed a profane servitor
  5737 | D:5      | Killed Pikel
  5738 | D:5      | Reached skill level 6 in Fire Magic
  5738 | D:5      | Reached skill level 5 in Earth Magic
  5738 | D:5      | Reached XP level 9. HP: 51/67 MP: 8/17
  6020 | D:6      | Reached * piety under Jiyva
  6037 | D:6      | Got the Parchment of the Undead
  6088 | D:6      | Found a staircase to the Ecumenical Temple.
  6307 | D:6      | Reached skill level 1 in Maces & Flails
  7163 | D:8      | Noticed a rime drake
  7190 | D:8      | Killed a rime drake
  7191 | D:8      | Reached skill level 7 in Fire Magic
  7192 | D:8      | Reached XP level 10. HP: 56/73 MP: 11/19
  7195 | D:8      | Reached skill level 5 in Shields
  7286 | D:8      | Found a staircase to the Lair.
  7426 | D:8      | Reached ** piety under Jiyva
  7474 | D:8      | Found a glowing silver altar of Zin.
  7884 | D:9      | Found a flagged portal.
  7913 | Bailey   | Entered a bailey
  7959 | Bailey   | Noticed an orc knight
  7968 | Bailey   | Killed an orc knight
  8032 | Bailey   | Noticed an orc knight
  8056 | Bailey   | Killed an orc knight
  8141 | Bailey   | Identified the +6 rapier of the Beast {flame, rC- rCorr
                  | Str+6 Stlth+}
  8573 | Bailey   | Noticed an orc sorcerer
  8584 | Bailey   | Paralysed by an orc sorcerer for 2 turns
  8590 | Bailey   | Killed an orc sorcerer
  8591 | Bailey   | Reached skill level 8 in Fire Magic
  8681 | Bailey   | Noticed an orc high priest
  8685 | Bailey   | Found an iron altar of Okawaru.
  8710 | Bailey   | Killed an orc high priest
  8753 | Bailey   | Got Susoadgh's Writings on the Volley
  8764 | Bailey   | Learned a level 8 spell: Lehudib's Crystal Spear
  8823 | D:9      | Acquired a staff of earth
  8930 | D:9      | Noticed a lindwurm
  8941 | D:9      | Noticed a lindwurm
  8942 | D:9      | Noticed a lindwurm
  8962 | D:9      | Reached *** piety under Jiyva
  8962 | D:9      | Noticed a lindwurm
  8973 | D:9      | Reached XP level 11. HP: 45/82 MP: 16/22
  9068 | D:9      | Killed a lindwurm
  9069 | D:9      | Killed from afar by a lindwurm

Illustrated notes

Levels and vault maps discovered:
D:1:      lemuel_arrival_rhombus, layout_basic
D:2:      layout_basic, grunt_ministairs_10
D:3:      layout_basic, nzn_hepliaklqana_mist_gate,
          nicolae_overflow_hidden_temple
D:4:      cheibrodos_helix_gallery, layout_cave_pools, nzn_wu_jian_council_hall,
          uniq_eustachio
D:5:      layout_gridville, mainiacjoe_overflow_alcove_4,
          grunt_temple_overflow_holy_war, cheibrodos_sewer_entry_bend,
          feat_on_display, uniq_edmund, uniq_menkaure, uniq_crazy_yiuf_cottage,
          uniq_pikel
D:6:      layout_loops_ring, minmay_temple_entry_mist
D:7:      layout_basic
D:8:      layout_loops_ring, amcnicky_altar_gilded, hellmonk_lair_entry_icy,
          minmay_gold_behind_fungi
D:9:      layout_basic, marbit_many_paths, enter_bailey_2, minmay_lindwurm_lava

Skill      XL: |  1  2  3  4  5  6  7  8  9 10 |
---------------+-------------------------------+-----
Dodging        | 2 3 4 |  4.3
Fire Magic     | 4 5 6 7 8 |  8.1
Earth Magic    | 1 2 3 5 6 7 |  7.4
Stealth        | 2 3 |  3.4
Spellcasting   | 3 4 5 6 7 |  7.7
Conjurations   | 2 3 4 |  4.6
Polearms       | 1 |  1.1
Fighting       | 1 2 3 |  3.1
Short Blades   | 1 |  1.6
Shields        | 1 2 4 6 |  6.1
Maces & Flails | 2 |  2.4
Staves         | |  0.1
Unarmed Combat | |  0.7

Action                     |  1- 3 |  4- 6 |  7- 9 | 10-12 || total
---------------------------+-------+-------+-------+-------++-------
  Melee: Unarmed           |    11 |       |       |       ||    11
         Whip              |     1 |       |       |       ||     1
         Spear             |     8 |    29 |       |       ||    37
         Tailslap          |       |    11 |    13 |     3 ||    27
         Dagger            |       |    45 |    19 |       ||    64
         Punch             |       |     1 |       |       ||     1
         Flail             |       |       |    73 |    33 ||   106
         Quarterstaff      |       |       |     1 |       ||     1
         Rapier            |       |       |       |    11 ||    11
   Cast: Foxfire           |    57 |    67 |   135 |    22 ||   281
         Scorch            |     1 |    19 |    45 |    55 ||   120
         Stone Arrow       |       |       |     2 |     2 ||     4
         Flame Wave        |       |       |     8 |    16 ||    24
Ability: Breathe Acid      |       |       |     8 |     3 ||    11
    Use: Scroll            |       |       |    12 |     4 ||    16
         Potion            |       |       |     1 |     3 ||     4
   Stab: Sleeping          |       |       |     2 |       ||     2
         Distracted        |       |       |       |     1 ||     1
 Armour: Skin              |    19 |    51 |    93 |    16 ||   179
  Dodge: Dodged            |    50 |   117 |   148 |    46 ||   361
  Block: Kite shield       |       |       |    95 |    76 ||   171

Table legend: (Time is in decaauts)
 A = Elapsed time spent in this place.
 B = Non-inter-level travel time spent in this place.
 C = Inter-level travel time spent in this place.
 D = Time resting spent in this place.
 E = Time spent auto-exploring this place.
 F = Levels seen in this place.
 G = Mean time per level.
                   A        B        C        D        E       F      G
               +--------+--------+--------+--------+--------+-----+--------+
         Total |   9164 |   9035 |    129 |    347 |   5274 |  11 |  833.1 |
       Dungeon |   7993 |   7864 |    129 |    247 |   5085 |   9 |  888.1 |
         Sewer |    248 |    248 |      0 |      0 |     85 |   1 |  248.0 |
        Bailey |    922 |    922 |      0 |    100 |    103 |   1 |  922.0 |
               +--------+--------+--------+--------+--------+-----+--------+

Top non-repeatable levels by time:
     D:5: 1302 daAuts
     D:3: 1161 daAuts
     D:4: 1151 daAuts
     D:1: 1121 daAuts
  Bailey: 922 daAuts
     D:2: 908 daAuts
     D:8: 789 daAuts
     D:6: 654 daAuts
     D:7: 611 daAuts
     D:9: 291 daAuts
   Sewer: 248 daAuts
